 Dungeon Crawl Stone Soup version 0.29-a0-664-gff9cad4a3d (webtiles) character file.

Game seed: 5715204914340036902

9735 Whoop85 the Cleaver (level 11, -1/97 HPs)
             Began as a Hill Orc Fighter on June 22, 2022.
             Slain by Urug
             ... wielding a +2 broad axe of freezing
              (7 damage)
             ... on level 2 of the Lair of Beasts.
             The game lasted 00:53:04 (15584 turns).

Whoop85 the Cleaver (Hill Orc Fighter)             Turns: 15584, Time: 00:53:05

Health: -1/97      AC: 19    Str: 23 (24) XL:     11   Next: 51%
Magic:  0/11       EV:  4    Int:  8      God:
Gold:   496        SH: 14    Dex:  9 (10) Spells: 10/10 levels left

rFire   . . .      SeeInvis .   K - +4 war axe
rCold   . . .      Faith    .   g - +0 tower shield
rNeg    . . .      Spirit   +   H - +0 plate armour
rPois   .          Reflect  .   (no helmet)
rElec   .          Harm     .   j - +2 cloak
rCorr   .          Rampage  .   x - +0 pair of gloves
Will    .....                   (no boots)
Stlth   ..........              r - amulet of guardian spirit
HPRegen 0.26/turn               (no ring)
MPRegen 0.12/turn               (no ring)

@: no status effects
A: no striking features
a: no special abilities


You were on level 2 of the Lair of Beasts.
You visited 2 branches of the dungeon, and saw 10 of its levels.

You collected 496 gold pieces.

Inventory:

Hand Weapons
 b - a +1 dagger of venom
 K - a +4 war axe (weapon)
 P - a +0 scimitar of flaming
 S - a +1 long sword of flaming
 Y - a +3 scimitar
Missiles
 q - 80 stones
 B - 9 boomerangs
 F - 4 large rocks
 O - 9 poisoned darts
 X - a throwing net (quivered)
Armour
 g - a +0 tower shield (worn)
 j - a +2 cloak (worn)
 s - a +0 leather armour
 x - a +0 pair of gloves (worn)
 C - a +0 chain mail
 G - a +1 leather armour of fire resistance
 H - a +0 plate armour (worn)
 I - a +0 kite shield
 T - an orb of guile
Magical Staves
 a - a staff of fire
 n - a staff of conjuration
 w - a staff of air
 E - a staff of death
Jewellery
 m - a +4 ring of protection
 r - an amulet of guardian spirit (around neck)
 N - a +4 ring of protection
 U - a ring of fire
Wands
 t - a wand of charming (10)
 J - a wand of flame (38)
 Z - a wand of mindburst (20)
Scrolls
 f - a scroll of blinking
 h - 8 scrolls of identify
 i - 6 scrolls of immolation
 o - a scroll of magic mapping
 u - a scroll of amnesia
 y - a scroll of poison {unknown}
 z - a scroll of fog
 D - 5 scrolls of enchant armour {unknown}
 L - a scroll of brand weapon {unknown}
 R - 2 scrolls of noise {unknown}
 V - 2 scrolls of teleportation {unknown}
 W - 2 scrolls of fear {unknown}
Potions
 d - 3 potions of might
 e - a potion of berserk rage {unknown}
 k - 3 potions of degeneration
 l - a potion of resistance {unknown}
 p - 5 potions of flight
 v - 3 potions of attraction
 A - 2 potions of mutation {unknown}
 Q - a potion of lignification


   Skills:
 + Level 9.5 Fighting
 + Level 14.5 Axes
 + Level 10.4 Armour
 + Level 2.4 Dodging
 + Level 1.2 Stealth
 + Level 8.0 Shields


You had 10 spell levels left.
You didn't know any spells.
Your spell library contained the following spells:

 Spells                   Type           Power      Damage    Failure   Level
 Conjure Flame            Conj/Fire      0%         6-21      100%        3
 Ignite Poison            Fire/Tmut/Pois 0%         N/A       100%        3
 Mephitic Cloud           Conj/Pois/Air  0%         N/A       100%        3
 Tukima's Dance           Hex            0%         N/A       100%        3
 Passage of Golubria      Tloc           0%         N/A       100%        4
 Sticky Flame             Conj/Fire      0%         2d3       100%        4
 Freezing Cloud           Conj/Ice/Air   0%         6-21      100%        5
 Yara's Violent Unravell  Hex/Tmut       0%         3d3       100%        5


Dungeon Overview and Level Annotations

Branches:
Dungeon (8/15)             Temple (0/1) D:7            Lair (2/6) D:8
  Swamp: Lair:2-4    Shoals: Lair:2-4     Snake: Lair:2-4    Spider: Lair:2-4

Altars:
Gozag
Okawaru
Sif Muna
Wu Jian
Xom
Yredelemnul
The Shining One

Shops:
D:3 :   D:6 ?

Annotations:
Lair:2 Urug


Message History

Urug is heavily wounded.
You block Urug's attack.
You barely miss Urug.
Urug is heavily wounded.
You block Urug's attack.
You hit Urug.
Urug is heavily wounded.
You block Urug's attack.
You slash Urug!
Urug is heavily wounded.
You block Urug's attack.
You hit Urug but do no damage.
Urug is heavily wounded.
Urug hits you but does no damage.
You barely miss Urug.
Urug is heavily wounded.
You block Urug's attack.
You closely miss Urug.
Urug is heavily wounded.
Urug hits you but does no damage.
It was a potion of cancellation.
Your magical effects are unravelling.
You feel magically purged.
You float gracefully downwards.
You feel a little less clever now. You block Urug's attack.
You closely miss Urug.
Urug is heavily wounded.
Urug hits you but does no damage.
You slash Urug!
Urug is severely wounded.
Urug hits you with a +2 broad axe of freezing.
* * * LOW HITPOINT WARNING * * *
Urug freezes you.
* * * LOW HITPOINT WARNING * * *
You closely miss Urug.
Urug is severely wounded.
Urug hits you with a +2 broad axe of freezing!
* * * LOW HITPOINT WARNING * * *
Urug freezes you!
You die...

...#.. .... ..... ...## >... ....
.... ...8.. ... ...# ......##$.
...## ......#...#....#
......##†...# ... .?....#o@...#
... #### #.#...†...# #....
#P.####+# #.......## ...##
P..#.#P.# ##.......#### ##....#
..#.###.###....^....P.#####....#
...#.#...................#....##
.................#.............##
..................#..............
......<........P###..............


You could see Urug.

Vanquished Creatures
  Pikel (D:7)
  An elephant (D:8)
  A black mamba (Lair:1)
  A molten gargoyle (Lair:1)
  4 cane toads
  Grinder (D:6)
  Eustachio (D:4)
  2 wyverns
  A basilisk (Lair:1)
  4 fire elementals (Lair:1)
  11 yaks
  A fire bat (Lair:1)
  A steam dragon (D:7)
  5 water moccasins
  6 black bears
  A sky beast (D:6)
  An ice beast (D:7)
  An orc warrior (D:8)
  2 ogres
  3 centaurs
  2 phantoms
  2 bullfrogs
  A necrophage (D:6)
  4 scorpions
  5 wights (D:8)
  3 killer bees (D:7)
  4 howler monkeys (D:8)
  2 lava snakes (Lair:1)
  6 hounds
  3 orc priests
  4 iguanas
  Jessica (D:3)
  5 orc wizards
  Terence (D:3)
  6 adders
  7 gnolls (D:5)
  3 white imps
  2 ufetubi (D:5)
  3 worms
  3 dart slugs
  27 orcs
  4 bats
  6 endoplasms
  A giant cockroach (D:2)
  6 goblins
  6 hobgoblins
  9 jackals
  5 quokkas
  5 ball pythons
  A frilled lizard (D:1)
  7 kobolds
  5 rats
198 creatures vanquished.

Vanquished Creatures (collateral kills)
  2 fire bats (Lair:1)
2 creatures vanquished.

Vanquished Creatures (others)
  8 fungi
  12 plants
20 creatures vanquished.

Grand Total: 220 creatures vanquished

Notes
Turn   | Place    | Note
-------+----------+-------------------------------------------
     0 | D:1      | Whoop85 the Hill Orc Fighter began the quest for the Orb.
     0 | D:1      | Reached XP level 1. HP: 19/19 MP: 1/1
   561 | D:1      | Reached XP level 2. HP: 13/27 MP: 2/2
   906 | D:1      | Reached skill level 3 in Axes
   978 | D:1      | Reached XP level 3. HP: 30/33 MP: 3/3
  1996 | D:2      | Reached XP level 4. HP: 36/40 MP: 2/4
  2182 | D:2      | Reached skill level 1 in Dodging
  2193 | D:2      | Reached skill level 4 in Axes
  3326 | D:3      | Reached XP level 5. HP: 31/46 MP: 5/5
  4107 | D:3      | Found Zeir Tah's Book Shoppe.
  4293 | D:3      | Noticed Terence
  4297 | D:3      | Killed Terence
  4328 | D:3      | Found a glowing golden altar of the Shining One.
  4632 | D:3      | Noticed Jessica
  4636 | D:3      | Killed Jessica
  4637 | D:3      | Reached skill level 5 in Axes
  5091 | D:4      | Reached XP level 6. HP: 34/53 MP: 4/6
  5308 | D:4      | Noticed Eustachio
  5372 | D:4      | Killed Eustachio
  5373 | D:4      | Reached skill level 6 in Axes
  5798 | D:4      | Reached skill level 5 in Fighting
  5798 | D:4      | Reached XP level 7. HP: 51/61 MP: 5/7
  6232 | D:5      | Entered Level 5 of the Dungeon
  6305 | D:5      | Reached skill level 7 in Axes
  6459 | D:5      | Reached skill level 5 in Armour
  7020 | D:5      | Reached skill level 8 in Axes
  7058 | D:5      | Reached XP level 8. HP: 69/69 MP: 8/8
  7071 | D:5      | Reached skill level 5 in Shields
  7550 | D:5      | Reached skill level 9 in Axes
  7911 | D:6      | Noticed Grinder
  7934 | D:6      | Found Yhierph's Magic Scroll Emporium.
  7942 | D:6      | Killed Grinder
  7984 | D:6      | Reached skill level 10 in Axes
  8268 | D:6      | Reached XP level 9. HP: 19/78 MP: 2/9
  8547 | D:6      | Found a glowing drain.
  8620 | D:6      | Found an ornate altar of the Wu Jian Council.
  8831 | D:7      | Noticed Pikel
  8842 | D:7      | Killed Pikel
  8843 | D:7      | Reached skill level 11 in Axes
  9176 | D:7      | Found a staircase to the Ecumenical Temple.
  9258 | D:7      | Found a shimmering blue altar of Sif Muna.
 10001 | D:7      | Reached skill level 12 in Axes
 10287 | D:8      | Reached XP level 10. HP: 80/86 MP: 10/10
 10437 | D:8      | Reached skill level 13 in Axes
 10451 | D:8      | Noticed an elephant
 10455 | D:8      | Found a staircase to the Lair.
 10467 | D:8      | Killed an elephant
 11695 | D:8      | Found an iron altar of Okawaru.
 11695 | D:8      | Found a basalt altar of Yredelemnul.
 11695 | D:8      | Found an opulent altar of Gozag.
 12263 | Lair:1   | Entered Level 1 of the Lair of Beasts
 12724 | Lair:1   | Noticed a molten gargoyle
 12735 | Lair:1   | Killed a molten gargoyle
 12736 | Lair:1   | Reached skill level 1 in Stealth
 12831 | Lair:1   | Reached XP level 11. HP: 30/97 MP: 6/11
 12836 | Lair:1   | HP: 3/97 [fire elemental (10)]
 13249 | Lair:1   | Reached skill level 14 in Axes
 13256 | Lair:1   | HP: 3/97 [poisoned by a water moccasin]
 13257 | Lair:1   | HP: 1/97 [poisoned by a water moccasin]
 14599 | Lair:1   | Reached skill level 10 in Armour
 15289 | Lair:2   | Found a shimmering altar of Xom.
 15548 | Lair:2   | Noticed Urug
 15584 | Lair:2   | Slain by Urug

Illustrated notes

Levels and vault maps discovered:
D:1:      dreamdust_arrival_sigmund_warning, layout_basic
D:2:      layout_basic
D:3:      layout_basic, lemuel_coloured_pillars_altar, serial_shops, shop,
          grunt_ministairs_8, uniq_jessica, uniq_terence
D:4:      layout_loops_cross, uniq_eustachio
D:5:      layout_gridville, nicolae_underground_beach
D:6:      layout_basic, kennysheep_mini, cheibrodos_sewer_entry_sluice,
          serial_shops, shop_statue, uniq_grinder
D:7:      layout_basic, mainiacjoe_overflow_chevrons,
          minmay_temple_entry_overgrown, uniq_pikel
D:8:      layout_loops_corners, gammafunk_temple_overflow_forgotten,
          david_lair_generic
Lair:1:   layout_chaotic_city
Lair:2:   layout_hall_layers, basic_altar, grunt_megastairs_2, uniq_sonja,
          uniq_urug

Skill      XL: |  1  2  3  4  5  6  7  8  9 10 11 |
---------------+----------------------------------+-----
Fighting       | 4 5 6 7 9 |  9.5
Axes           | 3 4 5 6 8 10 12 13 14 | 14.5
Armour         | 4 5 6 7 9 10 | 10.4
Dodging        | 1 2 |  2.4
Shields        | 4 5 6 7 8 |  8.0
Stealth        | 1 |  1.2

Action                   |  1- 3 |  4- 6 |  7- 9 | 10-12 || total
-------------------------+-------+-------+-------+-------++-------
Melee: War axe           |   115 |   181 |   238 |   302 ||   836
  Use: Potion            |       |     6 |       |    10 ||    16
       Scroll            |       |       |       |     6 ||     6
Armor: Scale mail        |    76 |    41 |       |       ||   117
       Plate armour      |       |    88 |   166 |   132 ||   386
       Skin              |       |       |       |     5 ||     5
Dodge: Dodged            |    65 |    68 |    54 |    48 ||   235
Block: Buckler           |    30 |    15 |       |       ||    45
       Kite shield       |       |    45 |   109 |    85 ||   239
       Tower shield      |       |       |       |    76 ||    76

Table legend: (Time is in decaauts)
 A = Elapsed time spent in this place.
 B = Non-inter-level travel time spent in this place.
 C = Inter-level travel time spent in this place.
 D = Time resting spent in this place.
 E = Time spent auto-exploring this place.
 F = Levels seen in this place.
 G = Mean time per level.
                   A        B        C        D        E       F      G
               +--------+--------+--------+--------+--------+-----+--------+
         Total |  15732 |  15120 |    612 |   4522 |   6156 |  10 | 1573.2 |
       Dungeon |  12403 |  11791 |    612 |   2144 |   6137 |   8 | 1550.4 |
          Lair |   3329 |   3329 |      0 |   2378 |     19 |   2 | 1664.5 |
               +--------+--------+--------+--------+--------+-----+--------+

Top non-repeatable levels by time:
  Lair:1: 2605 daAuts
     D:8: 2050 daAuts
     D:1: 1819 daAuts
     D:3: 1816 daAuts
     D:5: 1700 daAuts
     D:7: 1388 daAuts
     D:4: 1352 daAuts
     D:2: 1345 daAuts
     D:6: 930 daAuts
  Lair:2: 723 daAuts
